 Dungeon Crawl Stone Soup version 0.31-a0-198-g2ad674f65e (webtiles) character file.

Game seed: 8058327604902028771

79 qw the Shooter (level 4, -2/25 HPs)
             Began as a Deep Elf Hunter on June 25, 2023.
             Slain by a hobgoblin (3 damage)
             ... on level 3 of the Dungeon.
             The game lasted 00:00:27 (1506 turns).

qw the Shooter (Deep Elf Hunter)                    Turns: 1506, Time: 00:00:28

Health: -2/25      AC:  6    Str: 10    XL:     4   Next: 17%
Magic:  6/6        EV:  9    Int: 14    God:
Gold:   61         SH:  0    Dex: 18    Spells: 3/3 levels left

rFire   . . .        Y - +0 shortbow
rCold   . . .        (shield currently unavailable)
rNeg    . . .        b - +0 scale mail
rPois   .            (no helmet)
rElec   .            (no cloak)
rCorr   .            (no gloves)
SInv    .            (no boots)
Will    .....        (no amulet)
Stlth   +            (no ring)
HPRegen 0.24/turn    (no ring)
MPRegen 0.10/turn

%: no passive effects
@: no status effects
A: no striking features
a: no special abilities


You were on level 3 of the Dungeon.
You visited 1 branch of the dungeon, and saw 3 of its levels.

You collected 170 gold pieces.
You spent 109 gold pieces at shops.


   Skills:
 - Level 1.5 Fighting
 + Level 7.6 Ranged Weapons
 - Level 2.4 Dodging
 - Level 1.2 Stealth


You had 3 spell levels left.
You didn't know any spells.
Your spell library was empty.

Inventory:

Hand Weapons
 Y - a +0 shortbow (weapon)
Armour
 b - a +0 scale mail (worn)
Jewellery
 g - an amulet of guardian spirit
Scrolls
 a - a scroll of identify
Potions
 c - a potion of might
 d - a potion of magic {unknown}
 e - a potion of curing
 f - a potion of degeneration {unknown}
 h - a potion of heal wounds {unknown}

Dungeon Overview and Level Annotations

Branches:
Dungeon (3/15)

Altars:

Shops:
D:2 [:*?


Message History

You shoot an arrow. The arrow hits the orc priest.
The orc priest is moderately wounded.
A hobgoblin comes into view.
The orc priest looks satisfied for a moment.
You shoot an arrow. The arrow hits the orc priest.
The orc priest is heavily wounded.
The orc priest hits you but does no damage.
You shoot an arrow. The arrow hits the orc priest.
The orc priest is almost dead.
The orc priest mumbles some strange prayers to Beogh against you.
You barely resist. The orc hits you but does no damage.
You shoot an arrow. The arrow hits the orc priest.
You kill the orc priest!
The orc barely misses you. The orc hits you with a +0 hand axe.
The orc hits you but does no damage. x2; The kobold hits you with a +0 club.
You have reached level 4!
You feel clever.
You shoot an arrow.
The arrow hits the orc but does no damage.
The kobold hits you but does no damage. The orc completely misses you.
The orc hits you with a +0 hand axe.
You shoot an arrow. The arrow hits the orc!
You kill the orc!
The kobold misses you.
A goblin comes into view. It is wielding a +0 club.
The orc closely misses you.
You shoot an arrow. The arrow barely misses the orc.
The goblin shouts!
You hear a shout!
The kobold hits you but does no damage.
The hobgoblin hits you but does no damage.
A hobgoblin comes into view.
The orc hits you but does no damage.
A goblin comes into view. It is wielding a +0 club.
The orc barely misses you. The hobgoblin barely misses you.
The kobold hits you with a +0 club.
The hobgoblin moves out of view.
You shoot an arrow. The arrow barely misses the orc.
The goblin shouts!
You hear a shout!
The kobold hits you with a +0 club. The hobgoblin hits you.
You die...

#######
##############......#
###...................#
#...###########.......#
#######.### ##........#
.........# ##.........#
###......#
####...##.....#
#......# #o@..###
.>...#
#......##....gK###
.....# #......##.#...).
.....#
#................ .#..#
# #.................
... #
#......##.....g.... #
.......##........... #
#......g>...# ..


You could see an orc, a hobgoblin, 2 goblins and a kobold.

Vanquished Creatures
  An orc priest (D:3)
  An adder (D:3)
  A worm (D:2)
  A dart slug (D:2)
  3 orcs (D:3)
  6 endoplasms
  3 goblins
  3 hobgoblins
  3 kobolds (D:2)
  A quokka (D:2)
  4 ball pythons
  A bat (D:1)
  2 frilled lizards (D:2)
  2 rats
32 creatures vanquished.

Notes
Turn   | Place    | Note
-------+----------+-------------------------------------------
     0 | D:1      | qw the Deep Elf Hunter began the quest for the Orb.
     0 | D:1      | Reached XP level 1. HP: 12/12 MP: 3/3
     0 | D:1      | 0 ||| qw: Version: 0.3-a-22-g0ed2b0b
     0 | D:1      | 0 ||| qw: Game counter: 5157
     0 | D:1      | 0 ||| qw: Melee chars always use a shield: true
     0 | D:1      | 0 ||| qw: God list: Okawaru
     0 | D:1      | 0 ||| qw: Allow faded altars: false
     0 | D:1      | 0 ||| qw: Do Orc after clearing Dungeon:15 true
     0 | D:1      | 0 ||| qw: Do second Lair branch before Depths: true
     0 | D:1      | 0 ||| qw: Lair rune preference: random
     0 | D:1      | 0 ||| qw: Goals: Normal
     0 | D:1      | 0 ||| PLANNING D:1-11
   257 | D:1      | You fall into a shaft and drop 1 floor!
   286 | D:2      | Reached XP level 2. HP: 16/16 MP: 4/4
   293 | D:2      | Reached skill level 6 in Ranged Weapons
   302 | D:2      | Found Leassid's Magic Scroll Shoppe.
   305 | D:2      | 305 ||| READING scroll labelled OTSOXA WIOLARCH.
   307 | D:2      | 307 ||| DRINKING 2 pink potions.
   308 | D:2      | 308 ||| DROPPING scroll of butterflies.
   330 | D:2      | 330 ||| BUYING scroll of identify (26 gold).
   330 | D:2      | Bought a scroll of identify for 26 gold pieces
   330 | D:2      | 330 ||| BUYING scroll of identify (26 gold).
   330 | D:2      | Bought a scroll of identify for 26 gold pieces
   330 | D:2      | 330 ||| SHOPLISTING scroll of teleportation (39 gold, have
                  | 30).
   395 | D:2      | 395 ||| UPGRADING to +0 scale mail.
   405 | D:2      | 405 ||| DROPPING +0 leather armour.
   406 | D:2      | Found Toomp's Assorted Antiques.
   900 | D:1      | 900 ||| READING 2 scrolls of identify.
   900 | D:1      | 900 ||| IDENTIFYING ruby potion
   917 | D:2      | 917 ||| STAIRDANCE
   955 | D:2      | Found Ytarai's Book Emporium.
  1002 | D:2      | 1002 ||| SHOPLISTING ancient hand crossbow (255 gold, have
                  | 66).
  1002 | D:2      | 1002 ||| BUYING grey potion (27 gold).
  1002 | D:2      | Bought a grey potion for 27 gold pieces
  1002 | D:2      | 1002 ||| SHOPLISTING potion of curing (90 gold, have 39).
  1002 | D:2      | 1002 ||| BUYING scroll labelled KUITIF OMEI (30 gold).
  1002 | D:2      | Bought a scroll labelled KUITIF OMEI for 30 gold pieces
  1002 | D:2      | 1002 ||| SHOPLISTING scroll of identify (60 gold, have 9).
  1092 | D:2      | Found Feidosurgh's Armour Shop.
  1100 | D:2      | 1100 ||| SHOPLISTING +0 pair of gloves (54 gold, have 23).
  1100 | D:2      | 1100 ||| SHOPLISTING +0 ring mail (48 gold, have 23).
  1100 | D:2      | 1100 ||| SHOPLISTING +1 helmet of intelligence (198 gold,
                  | have 23).
  1114 | D:2      | Reached XP level 3. HP: 20/20 MP: 5/5
  1295 | D:2      | 1295 ||| READING scroll labelled KUITIF OMEI.
  1315 | D:3      | Found a faded altar of an unknown god.
  1481 | D:3      | Reached skill level 7 in Ranged Weapons
  1502 | D:3      | HP: 3/20 [kobold/+0 club (3)]
  1503 | D:3      | Reached XP level 4. HP: 4/25 MP: 6/6
  1506 | D:3      | HP: 1/25 [kobold/+0 club (1)]
  1506 | D:3      | Slain by a hobgoblin

Levels and vault maps discovered:
D:1:      dpeg_arrival_lava_temple_mockup, layout_loops_corners
D:2:      layout_loops_ring, serial_shops, nicolae_shop_scrapyard, shop, shop,
          nicolae_shop_gibbet_a_chance
D:3:      layout_rooms, lemuel_crystal_altar, nicolae_ecumenical_pavilion,
          uniq_robin

Skill      XL: |  1  2  3 |
---------------+----------+-----
Ranged Weapons | 6 7 |  7.6
Fighting       | |  1.5
Dodging        | |  2.4
Stealth        | |  1.2

Action                     |  1- 3 |  4- 6 || total
---------------------------+-------+-------++-------
   Fire: Shortbow          |    73 |     4 ||    77
    Use: Scroll            |     3 |       ||     3
         Potion            |     1 |       ||     1
 Armour: Scale mail        |     5 |     4 ||     9
  Dodge: Dodged            |     6 |     5 ||    11

Table legend:
 A = Non-vault XP
 B = Vault XP
 C = Vault XP percentage of total XP
 D = Non-vault monster count
 E = Vault monster count
 F = Vault count percentage of total count
                 A         B        C        D         E       F
            +---------+---------+-------+---------+---------+-------
      Total |     114 |       0 |   0.0 |      32 |       0 |   0.0
            +---------+---------+-------+---------+---------+-------
        D:1 |      16 |       0 |   0.0 |      10 |       0 |   0.0
        D:2 |      28 |       0 |   0.0 |      13 |       0 |   0.0
        D:3 |      70 |       0 |   0.0 |       9 |       0 |   0.0
            +---------+---------+-------+---------+---------+-------
